 Dungeon Crawl Stone Soup version 0.22-a0-247-gbddf880 (webtiles) character file.

228 MatthieuS the Twirler (level 6, -26/46 HPs)
             Began as a Human Wanderer on Feb 27, 2018.
             Annihilated by a white very ugly thing (40 damage)
             ... on level 1 of the Abyss.
             The game lasted 00:08:04 (2304 turns).

MatthieuS the Twirler (Human Wanderer)              Turns: 2304, Time: 00:08:04

Health: -26/46     AC:  8    Str: 14 (15) XL:     6   Next: 22%
Magic:  6/6        EV:  9    Int: 10 (11) God:
Gold:   130        SH:  0    Dex: 11 (13) Spells: 3/5 levels left

rFire    + . .     SeeInvis .   c - +0 quarterstaff
rCold    . . .     Gourm    .   (shield currently unavailable)
rNeg     . . .     Faith    .   a - +2 scale mail
rPois    .         Spirit   .   (no helmet)
rElec    .         Reflect  .   (no cloak)
rCorr    .         Harm     .   (no gloves)
MR       .....                  (no boots)
Stlth    ..........             (no amulet)
HPRegen  0.15/turn              i - ring of protection from fire
MPRegen  0.10/turn              (no ring)

@: no status effects
A: no striking features
a: no special abilities


You were on level 1 of the Abyss.
You were not hungry.

You visited 1 branch of the dungeon, and saw 3 of its levels.
You visited the Abyss 1 time.

You collected 130 gold pieces.

Inventory:

Hand Weapons
 c - a +0 quarterstaff (weapon)
 d - a +0 dagger
Missiles
 n - 19 arrows
Armour
 a - a +2 scale mail (worn)
Jewellery
 i - a ring of protection from fire (left hand)
Scrolls
 l - a scroll of enchant armour {unknown}
 m - a scroll of fog {unknown}
 q - 2 scrolls of fear {unknown}
 r - 2 scrolls of remove curse {unknown}
 u - a scroll of teleportation {unknown}
Potions
 o - a potion of lignification
 t - a potion of agility
Comestibles
 f - 5 rations
 g - 2 chunks of flesh


   Skills:
 + Level 2.8 Fighting
   Level 1.0 Axes
 * Level 4.8 Staves
 - Level 2.5 Armour
 + Level 1.4 Dodging
 - Level 2.0 Stealth
 + Level 1.3 Translocations
   Level 1.0 Evocations


You had 3 spell levels left.
You knew the following spells:

 Your Spells              Type           Power        Failure   Level  Hunger
a - Blink                 Tloc           N/A          82%         2    ###....


Dungeon Overview and Level Annotations

Branches:
Dungeon (3/15)

Altars:


Message History

Found 31 gold pieces.
Found a hand axe.
Found a scroll of identify.
b - a scroll of identify
There are no items here.
As you read the scroll of identify, it crumbles to dust.
h - 2 scrolls of random uselessness Drop what? 15/52 slots (_ for help) (? for menu, Esc to quit)
You drop 2 scrolls of random uselessness.
Found a scroll labeled YFACZUBRUC.
A white very ugly thing comes into view.
The white very ugly thing gurgles horribly!
r - 2 scrolls labeled YFACZUBRUC (gained 1)
There are no items here.
The white very ugly thing barely misses you.
Your magical contamination has completely faded away.
The white very ugly thing engulfs you!
The white very ugly thing freezes you!!!
Ouch! That really hurt!
You die...

#.### ## .#
#.# .. #.
#.# ## . #.#
#.# #.#
....####.#
#....#.#
#....#u#
#...@.#
###.#......#
###.......
#.##.### #.#
.# ### #


You could see a white very ugly thing.

Vanquished Creatures
  An orc priest (D:3)
  An orc wizard (D:3)
  Natasha (twice) (D:3)
  3 adders (D:2)
  A white imp (Abyss:1)
  3 worms
  3 dart slugs
  6 leopard geckos
  4 giant cockroaches (D:2)
  6 goblins
  10 hobgoblins
  4 jackals (D:2)
  8 kobolds
  10 bats
  2 frilled lizards (D:1)
  3 rats
67 creatures vanquished.

Notes
Turn   | Place    | Note
-------+----------+-------------------------------------------
     0 | D:1      | MatthieuS the Human Wanderer began the quest for the Orb.
     0 | D:1      | MatthieuS set off with: a +2 scale mail, a potion of curing, a +0 quarterstaff, a +0 dagger, a ration
     0 | D:1      | Reached XP level 1. HP: 16/16 MP: 1/1
   101 | D:1      | Reached XP level 2. HP: 20/22 MP: 2/2
   356 | D:1      | Reached skill level 3 in Staves
   356 | D:1      | Reached XP level 3. HP: 26/27 MP: 3/3
  1177 | D:2      | Reached XP level 4. HP: 28/33 MP: 4/4
  1643 | D:2      | Reached skill level 4 in Staves
  1837 | D:3      | Reached XP level 5. HP: 39/39 MP: 5/5
  1853 | D:3      | Learned a level 2 spell: Blink
  1900 | D:3      | Noticed Natasha
  2083 | D:3      | Killed Natasha
  2159 | D:3      | Noticed Natasha
  2172 | D:3      | Killed Natasha
  2172 | D:3      | Reached skill level 1 in Dodging
  2202 | D:3      | Reached skill level 1 in Translocations
  2202 | D:3      | Reached XP level 6. HP: 31/46 MP: 6/6
  2203 | D:3      | Cast into level 1 of the Abyss (orc)
  2218 | Abyss:1  | HP: 2/46 [white imp/puff of frost (6)]
  2228 | Abyss:1  | Noticed a bone dragon
  2279 | Abyss:1  | Noticed a white very ugly thing
  2304 | Abyss:1  | Annihilated by a white very ugly thing

Vault maps used:
D:1:      minmay_arrival_wavy_path, st_stairs_8, minmay_misc_feat_five
D:3:      uniq_natasha
Abyss:1:  minivault_19

Skill      XL: |  1  2  3  4  5 |
---------------+----------------+-----
Staves         | 3 4 |  4.8
Dodging        | 1 |  1.4
Translocations | 1 |  1.3
Fighting       | |  2.8
Axes           | |  1.0
Armour         | |  2.5
Stealth        | |  2.0
Evocations     | |  1.0

Action                   |  1- 3 |  4- 6 || total
-------------------------+-------+-------++-------
Melee: Quarterstaff      |    77 |   133 ||   210
  Use: Potion            |       |     7 ||     7
       Scroll            |       |     3 ||     3
 Stab: Invisible         |       |     1 ||     1
  Eat: Chunk             |     1 |     4 ||     5
Armor: Scale mail        |    36 |    88 ||   124
       Skin              |       |     5 ||     5
Dodge: Dodged            |    45 |    91 ||   136

Table legend:
 A = Spawn XP
 B = Non-spawn XP
 C = Spawn XP percentage of total XP
 D = Spawn monster count
 E = Non-spawn monster count
 F = Spawn count percentage of total count
 G = Total turns spent on level
                    A         B        C        D         E        F      G
               +---------+---------+-------+---------+---------+-------+---------
         Total |      10 |     316 |   3.1 |       1 |      66 |   1.5 |  2304
               +---------+---------+-------+---------+---------+-------+---------
           D:1 |       0 |      39 |   0.0 |       0 |      20 |   0.0 |   731
           D:2 |       0 |      94 |   0.0 |       0 |      29 |   0.0 |  1105
           D:3 |       0 |     183 |   0.0 |       0 |      17 |   0.0 |   367
       Abyss:1 |      10 |       0 | 100.0 |       1 |       0 | 100.0 |   101
               +---------+---------+-------+---------+---------+-------+---------
